 Dungeon Crawl Stone Soup version 0.31.0-12-g77e489cdc1 (webtiles) character file.

Game seed: 2279888807488940113

732 cdecastro the Changeling (level 7, 0/52 HPs)
             Began as a Black Draconian Shapeshifter on Mar 2, 2024.
             Was an Initiate of Trog.
             Killed by divine providence
             ... invoked by an orc priest
              (10 damage)
             ... on level 5 of the Dungeon.
             The game lasted 00:05:28 (3738 turns).

cdecastro the Changeling (DrSh)                     Turns: 3738, Time: 00:05:29

Health: 0/52       AC:  6    Str: 18    XL:     7   Next: 45%
Magic:  7/7        EV: 12    Int: 13    God:    Trog [......]
Gold:   174        SH:  0    Dex: 12    Spells: 6/6 levels left

rFire   . . .        p - +8 trident of the Ancients {distort, Str+4 Int+2}
rCold   . . .        (no shield)
rNeg    . . .        (body armour unavailable)
rPois   .            (helmet currently unavailable)
rElec   +            (cloak currently unavailable)
rCorr   .            (gloves currently unavailable)
SInv    .            (boots currently unavailable)
Will    .....        (no amulet)
Stlth   +            (no ring)
HPRegen 0.28/turn    (no ring)
MPRegen 0.10/turn

%: no passive effects
@: lethally poisoned (0 -> -10), beast-form
A: beast (slay +3), breathe lightning, AC +6, unfitting armour, electricity
resistance, weak 1, cold-blooded
a: Breathe Lightning, Begin Untransformation, Renounce Religion


You were on level 5 of the Dungeon.
You worshipped Trog.
Trog was noncommittal.
You were a hulking beast.
You visited 1 branch of the dungeon, and saw 5 of its levels.

You collected 174 gold pieces.

Inventory:

Hand Weapons
 p - the +8 trident of the Ancients (weapon) {distort, Str+4 Int+2}
   (You found it on level 3 of the Dungeon)

   Str+4:     It affects your strength (+4).
   Int+2:     It affects your intelligence (+2).
Armour
 n - a +0 pair of gloves
Magical Staves
 m - a staff of conjuration
Jewellery
 r - an amulet of guardian spirit
Talismans
 b - a beast talisman
 c - a flux talisman
Scrolls
 d - a scroll of blinking {unknown}
 f - a scroll of fear {unknown}
 g - 2 scrolls of revelation {unknown}
 h - a scroll of amnesia {unknown}
 i - 4 scrolls of identify {unknown}
 k - a scroll of teleportation {unknown}
 l - 2 scrolls of poison {unknown}
 s - a scroll of butterflies {unknown}
 u - a scroll of brand weapon {unknown}
Potions
 a - a potion of lignification
 e - 2 potions of magic {unknown}
 j - a potion of might {unknown}
 o - a potion of berserk rage {unknown}
 q - a potion of resistance {unknown}
 t - a potion of curing {unknown}


   Skills:
 - Level 1.1 Fighting
 + Level 4.1 Polearms
 - Level 1.7 Dodging
 - Level 3.5 Unarmed Combat
 * Level 6.9 Shapeshifting


You had 6 spell levels left.
You didn't know any spells.
Your spell library contained the following spells:

 Spells                   Type           Power      Damage    Failure   Level
 Apportation              Tloc           0%         N/A       30%         1
 Call Imp                 Summ           0%         N/A       43%         2
 Jinxbite                 Hex            0%         N/A       43%         2
 Sublimation of Blood     Necr           0%         N/A       43%         2
 Cause Fear               Hex            0%         N/A       97%         4
 Alistair's Intoxication  Alch           0%         N/A       100%        5
 Fireball                 Conj/Fire      0%         3d3       100%        5
 Summon Hydra             Summ           0%         N/A       100%        7
 Dragon's Call            Summ           0%         N/A       100%        9


Dungeon Overview and Level Annotations

Branches:
Dungeon (5/15)
 Temple: D:4-7

Altars:
Ru
Trog
Xom


Innate Abilities, Weirdness & Mutations

You are a hulking beast.
Your limbs bulge with bestial killing power. (Slay +3)
You can breathe wild blasts of lightning.
Your glossy black scales are hard. (AC +6)
You cannot fit into any form of body armour.
You are resistant to electric shocks. (rElec)
You are weak. (Str -2)
You are cold-blooded and may be slowed by cold attacks.


Message History

a +0 dagger; a +0 robe; an orc corpse You are too injured to fight recklessly!
You are too injured to fight recklessly!
You are too injured to fight recklessly!
The orc priest barely misses you.
You barely miss the orc priest.
The orc hits you with a +0 flail of venom.
You are poisoned.
You feel sick.
The orc priest hits you but does no damage.
The orc hits you but does no damage.
You are more poisoned.
The orc closely misses you.
You puncture the orc priest! You tail-slap the orc priest.
The orc priest is severely wounded.
The orc priest blinks!
You feel very sick.
The orc hits you with a +0 flail of venom!
* * * LOW HITPOINT WARNING * * *
You are lethally poisoned!
The orc barely misses you.
You impale the orc!!
You kill the orc!
Trog accepts your kill.
* * * LOW HITPOINT WARNING * * *
You feel very sick. The orc hits you but does no damage.
Unknown command.
You hit the orc.
The orc is almost dead.
The orc blinks!
* * * LOW HITPOINT WARNING * * *
You feel very sick.
Unknown command.
* * * LOW HITPOINT WARNING * * *
You feel very sick.
The orc throws a boomerang.
The boomerang closely misses you.
The orc priest mumbles some strange prayers to Beogh against you.
Beogh smites you!
You die...

...... ...8. ... # ....
...# ..##.8. ..###..
....... ##.......
#...8. ###..#....##..
#....##..........#.
#...ยง.h.o.....##...
#..o.$.).........# ..
#................#...
#.......?##..........##
#..##....##...........#
#..####+####....#.....
##.# #..).......# ##.#
#...#.....## ##..#
#........##


You could see an orc priest and an orc.

Vanquished Creatures
  Sigmund (D:5)
  Menkaure (D:4)
  Blork the orc (D:4)
  A jelly (D:4)
  Natasha (twice) (D:4)
  2 orc wizards (D:5)
  A gnoll (D:2)
  3 adders
  A dart slug (D:2)
  A ribbon worm (D:2)
  7 orcs
  3 ball pythons (D:3)
  An endoplasm (D:2)
  5 giant cockroaches
  13 goblins
  4 hobgoblins
  A jackal (D:2)
  2 quokkas (D:2)
  4 bats
  4 frilled lizards
  3 kobolds
  6 rats
67 creatures vanquished.

Notes
Turn   | Place    | Note
-------+----------+-------------------------------------------
     0 | D:1      | cdecastro the Draconian Shapeshifter began the quest for
                  | the Orb.
     0 | D:1      | Reached XP level 1. HP: 16/16 MP: 1/1
   546 | D:1      | Reached XP level 2. HP: 23/23 MP: 2/2
   989 | D:2      | Reached XP level 3. HP: 7/28 MP: 3/3
  1245 | D:2      | Found a faded altar of an unknown god.
  1257 | D:2      | Prayed at the altar of an unknown god.
  1257 | D:2      | Became a worshipper of Ru the Awakened
  1263 | D:2      | Gained mutation: You are weak. (Str -2) [Ru sacrifice]
  1766 | D:3      | Identified the +8 trident of the Ancients {distort, Str+4
                  | Int+2}
  1810 | D:3      | Found a bloodstained altar of Trog.
  1857 | D:3      | Reached skill level 4 in Shapeshifting
  2069 | D:3      | Reached XP level 4. HP: 35/35 MP: 4/4
  2075 | D:3      | Fell from the grace of Ru
  2075 | D:3      | Became a worshipper of Trog the Wrathful
  2167 | D:3      | Found a shimmering altar of Xom.
  2279 | D:4      | Noticed Blork the orc
  2294 | D:4      | Killed Blork the orc
  2295 | D:4      | Reached skill level 1 in Polearms
  2373 | D:4      | Reached XP level 5. HP: 40/40 MP: 5/5
  2510 | D:4      | Noticed Menkaure
  2525 | D:4      | Killed Menkaure
  2526 | D:4      | Reached skill level 5 in Shapeshifting
  2526 | D:4      | Reached XP level 6. HP: 22/47 MP: 6/6
  2615 | D:4      | Found a sacrificial altar of Ru.
  2909 | D:4      | Noticed Natasha
  2911 | D:4      | Killed Natasha
  3514 | D:4      | Noticed Natasha
  3518 | D:4      | Killed Natasha
  3651 | D:5      | Entered Level 5 of the Dungeon
  3709 | D:5      | Noticed Sigmund
  3714 | D:5      | Killed Sigmund
  3715 | D:5      | Reached skill level 6 in Shapeshifting
  3715 | D:5      | Your scales start taking on a glossy black colour.
  3715 | D:5      | Reached XP level 7. HP: 49/52 MP: 7/7
  3715 | D:5      | Gained mutation: You are resistant to electric shocks.
                  | (rElec) [Black Draconian growth]
  3738 | D:5      | Killed from afar by an orc priest

Illustrated notes

Levels and vault maps discovered:
D:1:      zaba_arrival_water, layout_loops_ring
D:2:      layout_loops_ring, chequers_ecumenical_altar_simple_redux,
          minmay_diced_spiral
D:3:      layout_basic, mainiacjoe_overflow_alcove_2, lemuel_doored_altar
D:4:      nicolae_cairo_tiling_very_big, layout_layer_cave,
          nicolae_ru_sacrificial_ziggurat, uniq_crazy_yiuf_cottage,
          uniq_menkaure, uniq_natasha, uniq_blork_the_orc
D:5:      layout_cave_pools, lemuel_mausoleum_altar_yredelemnul, tso_altar,
          serial_column_ruins, column_ruins_temple_circle,
          column_ruins_hut_ruined, column_ruins_columns_straight,
          column_ruins_open_tiny, column_ruins_columns_T, saegor_snake_ambush,
          uniq_sigmund

Skill      XL: |  1  2  3  4  5  6  7 |
---------------+----------------------+-----
Shapeshifting  | 4 5 6 |  6.9
Polearms       | 1 2 3 4 |  4.1
Fighting       | |  1.1
Dodging        | |  1.7
Unarmed Combat | |  3.5

Action                     |  1- 3 |  4- 6 |  7- 9 || total
---------------------------+-------+-------+-------++-------
  Melee: Unarmed           |    82 |       |       ||    82
         Tailslap          |     9 |     3 |     1 ||    13
         Trident           |    17 |    43 |    12 ||    72
 Invoke: Sacrifice Purity  |     1 |       |       ||     1
   Stab: Sleeping          |     1 |       |       ||     1
 Armour: Skin              |    46 |    12 |    12 ||    70
  Dodge: Dodged            |    56 |    11 |     9 ||    76
